 Dungeon Crawl Stone Soup version 0.29-a0-542-g075992c (webtiles) character file.

Game seed: 12174238629736627321

46146 Illumine the Grappler (level 14, -7/143 HPs)
             Began as a Troll Cinder Acolyte on May 31, 2022.
             Was a Believer of Ignis.
             Mangled by a two-headed ogre
             ... wielding a +0 giant club
              (24 damage)
             ... on level 11 of the Dungeon on June 3, 2022.
             The game lasted 00:41:14 (18771 turns).

Illumine the Grappler (Troll Cinder Acolyte)       Turns: 18771, Time: 00:41:14

Health: -7/143     AC:  9    Str: 29    XL:     14   Next: 3%
Magic:  15/15      EV:  9    Int: 14    God:    Ignis [**....]
Gold:   907        SH: 14    Dex:  5    Spells: 11/16 levels left

rFire   + . .      SeeInvis +     - Unarmed
rCold   . . .      Faith    .   C - +0 kite shield
rNeg    . . .      Spirit   .   O - +0 steam dragon scales
rPois   +          Reflect  +   V - +1 hat {Stlth+}
rElec   .          Harm     .   b - +0 cloak
rCorr   .          Rampage  .   (gloves unavailable)
Will    ++...                   (boots unavailable)
Stlth   ++........              E - amulet of reflection
HPRegen 1.13/turn               W - ring of Salvation {rPois Int+4 SInv}
MPRegen 0.14/turn               S - ring of willpower

@: no status effects
A: large, unfitting armour, claws 3, regeneration 1, shaggy fur 1, tough skin 1
a: Renounce Religion, Fiery Armour, Foxfire Swarm, Rising Flame


You were on level 11 of the Dungeon.
You worshipped Ignis.
Ignis was pleased with you.
You visited 3 branches of the dungeon, and saw 19 of its levels.
You also visited: Sewer.

You collected 1726 gold pieces.
You spent 819 gold pieces at shops.

Inventory:

Hand Weapons
 d - a +6 scimitar of flaming
 U - a +2 eveningstar
 X - the +8 trishula "Condemnation" {holy, anguish, *Noise Fly rN+}
   (You found it on level 11 of the Dungeon)

   It has been blessed by the Shining One to cause great damage to the undead
   and demons.
   It inflicts anguish, making its victims' attacks reflect back on them.
   rN:        It protects you from negative energy.
   Fly:       It grants you flight.
   *Noise:    It may make noises in combat.
Missiles
 n - 11 javelins (quivered)
 t - 2 silver javelins
 L - 20 poisoned darts
Armour
 b - a +0 cloak (worn)
 C - a +0 kite shield (worn)
 O - +0 steam dragon scales (worn)
 V - a +1 hat of stealth (worn)
Jewellery
 B - a +4 ring of evasion
 E - an amulet of reflection (around neck)
 F - a ring of ice
 M - a ring of protection from fire
 S - a ring of willpower (right claw)
 W - the ring of Salvation (left claw) {rPois Int+4 SInv}
   (You bought it in a shop on level 2 of the Orcish Mines)

   [ring of see invisible]

   Int:       It affects your intelligence (+4).
   rPois:     It protects you from poison.
   SInv:      It lets you see invisible.
 Y - a ring of poison resistance
Wands
 a - a wand of polymorph (1)
 s - a wand of iceblast (2)
 I - a wand of paralysis (17)
 J - a wand of digging (19)
 Q - a wand of charming (1)
Scrolls
 f - 4 scrolls of noise
 i - 4 scrolls of fog
 k - 4 scrolls of immolation
 l - 2 scrolls of brand weapon
 m - 8 scrolls of poison
 o - 2 scrolls of fear
 p - 9 scrolls of teleportation
 q - 3 scrolls of vulnerability
 r - 3 scrolls of enchant weapon
 x - 5 scrolls of blinking
 y - a scroll of enchant armour
 G - a scroll of magic mapping
 N - a scroll of acquirement {unknown}
 T - a scroll of silence {unknown}
Potions
 c - 4 potions of invisibility
 e - 6 potions of curing
 g - 4 potions of heal wounds
 h - 2 potions of berserk rage
 j - 9 potions of might
 u - 3 potions of mutation
 v - 2 potions of resistance
 w - a potion of haste
 z - 2 potions of attraction
 A - 3 potions of magic
 D - 3 potions of ambrosia
 H - 4 potions of lignification
 K - 3 potions of brilliance
 R - 3 potions of flight
Miscellaneous
 P - a phantom mirror (inert)


   Skills:
 + Level 10.1 Fighting
 - Level 6.0 Long Blades
 - Level 1.7 Axes
 + Level 3.7 Throwing
 - Level 6.0 Dodging
 - Level 10.0 Shields
 + Level 13.9 Unarmed Combat
 + Level 1.5 Spellcasting
 + Level 1.2 Translocations
 - Level 2.1 Fire Magic
 - Level 5.0 Evocations


You had 11 spell levels left.
You knew the following spells:

 Your Spells              Type           Power      Damage    Failure   Level
a - Manifold Assault      Tloc           4%         N/A       100%        5

Your spell library contained the following spells:

 Spells                   Type           Power      Damage    Failure   Level
 Apportation              Tloc           8%         N/A       28%         1
 Scorch                   Fire           14%        2d6       28%         2
 Blink                    Tloc           8%         N/A       38%         2
 Freeze                   Ice            4%         1d3       43%         1
 Magic Dart               Conj           4%         1d3       43%         1
 Necrotize                Necr           4%         1d4       43%         1
 Summon Small Mammal      Summ           4%         N/A       43%         1
 Call Imp                 Summ           1%         N/A       56%         2
 Sublimation of Blood     Necr           1%         N/A       56%         2
 Wereblood                Tmut           1%         N/A       56%         2
 Ignite Poison            Fire/Tmut/Pois 3%         N/A       71%         3
 Frozen Ramparts          Ice            2%         1d2       80%         3
 Mephitic Cloud           Conj/Pois/Air  1%         N/A       80%         3
 Hailstorm                Conj/Ice       1%         3d3       99%         4
 Freezing Cloud           Conj/Ice/Air   0%         6-21      100%        5
 Storm Form               Tmut/Air       0%         N/A       100%        7
 Summon Hydra             Summ           0%         N/A       100%        7


Dungeon Overview and Level Annotations

Branches:
Dungeon (11/15)            Temple (0/1) D:5            Lair (6/6) D:9
 Shoals (0/4) Lair:3       Spider (0/4) Lair:4          Orc (2/2) D:10
    Elf (0/3) Orc:2         Sewer (visited)
  Slime: Lair:5-6

Altars:
Cheibriados
Dithmenos
Elyvilon
Gozag
Kikubaaqudgha
Qazlal
Ru
Sif Muna
Trog
Uskayaw
Wu Jian
Xom
Yredelemnul
Zin
Beogh

Shops:
D:1 ?([   D:3 (((:?   D:5 =   Orc:1 [   Orc:2 *[(=

Annotations:
Lair:6 Rupert


Innate Abilities, Weirdness & Mutations

You are too large for most types of armour.
You have claws for hands.
Your natural rate of healing is unusually fast.
You are covered in fur. (AC +1)
You have tough skin. (AC +1)


Message History

A two-headed ogre comes into view. It is wielding two +0 giant clubs.
A two-headed ogre is nearby!
The two-headed ogre shouts in stereo!
The cyclops completely misses you.
You completely miss the cyclops. You block the cyclops's attack.
You scratch the cyclops.
The cyclops is lightly wounded.
You scratch the cyclops but do no damage.
The cyclops is lightly wounded.
The cyclops closely misses you.
You barely miss the cyclops.
The cyclops is lightly wounded.
You block the cyclops's attack.
You scratch the cyclops but do no damage.
The cyclops is lightly wounded.
The two-headed ogre closely misses you.
The two-headed ogre hits you with a +0 giant club!
You eviscerate the cyclops!!!
The cyclops is severely wounded.
The cyclops hits you.
The boulder beetle leaps!
You claw the cyclops!
You kill the cyclops!
The two-headed ogre misses you. You block the two-headed ogre's attack.
You scratch the two-headed ogre.
The two-headed ogre is lightly wounded.
You eviscerate the two-headed ogre!!!
The two-headed ogre is severely wounded.
The two-headed ogre hits you with a +0 giant club! x2
* * * LOW HITPOINT WARNING * * *
You claw the two-headed ogre!
The two-headed ogre is severely wounded.
You block the two-headed ogre's attack.
The two-headed ogre hits you with a +0 giant club!
* * * LOW HITPOINT WARNING * * *
You claw the two-headed ogre!
The two-headed ogre is almost dead.
You closely miss the two-headed ogre.
The two-headed ogre is almost dead.
The two-headed ogre hits you with a +0 giant club!!
You die...

. #.# . #.#... # .. #.#.#.#
.#. #...#.###B. #.# ..
#....#...#.##.##.# ..
#..†.#.###.#.#.###.#
#######8..B...O)......C..
#...#.###.O###.#.#.#.#.# #.
#.......###@(##.#...#.##..##
#.....#...###..#.....#..###.
###...##....###.......###...
#...........###.8.###.....
##..###.#.......#<........
####...#.................
##...##.##...##.###...^
#.....#..#..###.###....
##..........###........


You could see a boulder beetle and a two-headed ogre.

Vanquished Creatures
  Gastronok (Lair:3)
  An orc warlord (Orc:2)
  6 hydras
  Erica (Lair:2)
  A catoblepas (Lair:5)
  A centaur warrior (D:11)
  A two-headed ogre (D:8)
  An orc high priest (Orc:2)
  Urug (Orc:2)
  Pikel (D:4)
  2 orc sorcerers
  2 orc knights (Orc:2)
  A manticore (D:11)
  2 cyclopes (D:11)
  4 elephants
  A black mamba (Lair:1)
  A gargoyle (D:10)
  15 cane toads
  A demonic crawler (Lair:4)
  Maggie (D:6)
  An unseen horror (D:11)
  10 komodo dragons
  A rime drake (Lair:3)
  4 meliai (Lair:3)
  3 polar bears
  4 trolls
  A queen bee (Lair:3)
  2 hornets
  3 blink frogs (Lair:5)
  A snapping turtle (Lair:3)
  A wraith (D:11)
  Eustachio (D:4)
  7 wyverns
  41 yaks
  4 basilisks
  2 steam dragons
  A warg (Orc:2)
  Menkaure (D:6)
  2 acid dragons (D:10)
  15 water moccasins
  4 black bears
  29 orc warriors
  2 sky beasts (D:6)
  14 wolves
  5 ogres
  4 centaurs
  Blork the orc (Orc:2)
  A kobold brigand (D:9)
  11 bullfrogs
  5 necrophages (Lair:3)
  8 scorpions
  7 wights
  36 killer bees
  4 howler monkeys
  6 electric eels
  14 orc priests
  13 hounds
  A gnoll shaman (D:6)
  3 iguanas
  Natasha (thrice) (D:4)
  26 orc wizards
  A hell rat (Lair:3)
  8 gnolls (D:6)
  19 adders
  5 river rats
  A shadow imp (D:7)
  A white imp (D:6)
  2 worms
  3 dart slugs
  73 orcs
  17 ball pythons
  12 endoplasms
  5 giant cockroaches
  6 goblins
  7 hobgoblins
  6 jackals
  12 kobolds
  5 bats
  7 frilled lizards
  28 rats
565 creatures vanquished.

Vanquished Creatures (others)
  A slime creature (D:11)
  46 foxfires
  33 fungi
  59 plants
139 creatures vanquished.

Grand Total: 704 creatures vanquished

Notes
Turn   | Place    | Note
-------+----------+-------------------------------------------
     0 | D:1      | Illumine the Troll Cinder Acolyte began the quest for the
                  | Orb.
     0 | D:1      | Reached XP level 1. HP: 22/22 MP: 1/1
   110 | D:1      | Reached skill level 1 in Unarmed Combat
   210 | D:1      | Found Docup's Antique Weapon Emporium.
   224 | D:1      | Reached XP level 2. HP: 29/29 MP: 2/2
   273 | D:1      | Found Vatrixou's Antique Armour Emporium.
   443 | D:1      | Found Ezalazxe's Magic Scroll Shop.
   455 | D:1      | Reached skill level 2 in Unarmed Combat
   695 | D:2      | Reached XP level 3. HP: 36/36 MP: 3/3
   700 | D:2      | Found an opulent altar of Gozag.
   865 | D:2      | Reached skill level 3 in Unarmed Combat
  1443 | D:3      | Found Taycvone's Book Boutique.
  1509 | D:3      | Reached XP level 4. HP: 39/44 MP: 4/4
  1545 | D:3      | Found Uleasot's Antique Weapon Shoppe.
  1622 | D:3      | Reached skill level 4 in Unarmed Combat
  1702 | D:3      | Reached XP level 5. HP: 48/50 MP: 5/5
  1783 | D:3      | Found a glowing drain.
  1821 | Sewer    | Entered a sewer
  1911 | Sewer    | Reached skill level 5 in Unarmed Combat
  2111 | Sewer    | Reached skill level 6 in Unarmed Combat
  2111 | Sewer    | Reached XP level 6. HP: 22/59 MP: 6/6
  2179 | D:3      | Found Ocresiam's Antique Weapon Shop.
  2307 | D:3      | Found a snail-covered altar of Cheibriados.
  2488 | D:3      | Found Egigef's Magic Scroll Shop.
  2498 | D:3      | Bought a scroll of identify for 20 gold pieces
  2516 | D:3      | Found Diph's Weapon Boutique.
  2547 | D:4      | Found an ornate altar of the Wu Jian Council.
  2692 | D:4      | Reached skill level 7 in Unarmed Combat
  2692 | D:4      | Reached XP level 7. HP: 40/66 MP: 7/7
  2752 | D:4      | Found an ancient bone altar of Kikubaaqudgha.
  2766 | D:4      | Noticed Pikel
  2789 | D:4      | Killed Pikel
  2790 | D:4      | Reached skill level 1 in Dodging
  2790 | D:4      | Reached skill level 8 in Unarmed Combat
  2790 | D:4      | Reached XP level 8. HP: 59/75 MP: 8/8
  2993 | D:4      | Upgraded the game from 0.29-a0-520-gc852659 to
                  | 0.29-a0-542-g075992c
  3045 | D:4      | Noticed Natasha
  3055 | D:4      | Killed Natasha
  3208 | D:4      | Noticed Eustachio
  3236 | D:4      | Killed Eustachio
  3270 | D:4      | Noticed Natasha
  3278 | D:4      | Killed Natasha
  3444 | D:4      | Noticed Natasha
  3449 | D:4      | Killed Natasha
  3450 | D:4      | Reached skill level 1 in Shields
  3496 | D:5      | Entered Level 5 of the Dungeon
  3654 | D:5      | Found Solavior's Jewellery Shop.
  3923 | D:5      | Reached skill level 9 in Unarmed Combat
  4181 | D:5      | Found a staircase to the Ecumenical Temple.
  4506 | D:6      | Noticed Maggie
  4738 | D:7      | Reached XP level 9. HP: 79/85 MP: 9/9
  5267 | D:8      | Reached skill level 10 in Unarmed Combat
  5314 | D:8      | Identified the +0 ring mail of Rotation {-Tele rCorr Str+2}
  5481 | D:8      | Reached skill level 5 in Fighting
  5487 | D:8      | Noticed a two-headed ogre
  5503 | D:8      | Killed a two-headed ogre
  6086 | D:9      | Reached XP level 10. HP: 83/93 MP: 10/10
  6161 | D:9      | Reached skill level 11 in Unarmed Combat
  6571 | D:6      | Killed Maggie
  6750 | D:6      | Reached skill level 5 in Shields
  6760 | D:6      | Noticed Menkaure
  6878 | D:6      | Killed Menkaure
  7238 | D:6      | Found a shimmering blue altar of Sif Muna.
  7641 | D:9      | Reached skill level 12 in Unarmed Combat
  7859 | D:9      | Found a staircase to the Lair.
  7868 | Lair:1   | Entered Level 1 of the Lair of Beasts
  8032 | Lair:1   | Noticed a cane toad
  8041 | Lair:1   | Killed a cane toad
  8129 | Lair:1   | Noticed a black mamba
  8138 | Lair:1   | Killed a black mamba
  8139 | Lair:1   | Reached skill level 1 in Axes
  8336 | Lair:1   | Noticed a cane toad
  8342 | Lair:1   | Killed a cane toad
  8370 | Lair:1   | Reached XP level 11. HP: 107/107 MP: 11/11
  8697 | Lair:2   | Noticed Erica
  8712 | Lair:2   | Killed Erica
  9016 | Lair:2   | Noticed a five-headed hydra
  9039 | Lair:2   | Killed a two-headed hydra
  9405 | Lair:2   | Reached skill level 1 in Evocations
  9905 | Lair:3   | Noticed a seven-headed hydra
  9997 | Lair:3   | Killed a five-headed hydra
 10459 | Lair:3   | Found a staircase to the Shoals.
 10465 | Lair:3   | Reached XP level 12. HP: 88/119 MP: 12/12
 10475 | Lair:3   | Reached skill level 5 in Long Blades
 10778 | Lair:3   | Noticed Gastronok
 11375 | Lair:4   | Reached skill level 5 in Dodging
 11401 | Lair:4   | Found a hole to the Spider Nest.
 11900 | Lair:5   | Noticed a six-headed hydra
 11919 | Lair:5   | Killed a one-headed hydra
 12111 | Lair:5   | Noticed a five-headed hydra
 12118 | Lair:5   | Killed a two-headed hydra
 12328 | Lair:5   | Noticed a six-headed hydra
 12347 | Lair:5   | Killed a four-headed hydra
 12929 | Lair:6   | Entered Level 6 of the Lair of Beasts
 12929 | Lair:6   | Noticed a catoblepas
 13009 | Lair:6   | Noticed a five-headed hydra
 13027 | Lair:6   | Killed a one-headed hydra
 13105 | Lair:6   | Noticed Sonja
 13144 | Lair:6   | Noticed a six-headed hydra
 13144 | Lair:6   | Noticed Rupert
 13327 | D:9      | Found a shimmering altar of Xom.
 13519 | D:10     | Entered Level 10 of the Dungeon
 13565 | D:10     | Found a bloodstained altar of Trog.
 13565 | D:10     | Found a basalt altar of Yredelemnul.
 13565 | D:10     | Found a white marble altar of Elyvilon.
 13571 | D:10     | Found a sacrificial altar of Ru.
 13571 | D:10     | Found a glowing silver altar of Zin.
 13572 | D:10     | Found a hide-covered altar of Uskayaw.
 13669 | D:10     | Found a stormy altar of Qazlal.
 13957 | D:10     | Reached XP level 13. HP: 131/131 MP: 13/13
 14257 | D:10     | Found a shadowy altar of Dithmenos.
 14389 | D:10     | Reached skill level 5 in Evocations
 14631 | D:10     | Found a staircase to the Orcish Mines.
 14907 | Orc:1    | Entered Level 1 of the Orcish Mines
 15145 | Orc:2    | Entered Level 2 of the Orcish Mines
 15346 | Orc:1    | Found Ceseh's Antique Armour Emporium.
 15718 | Orc:2    | Noticed Blork the orc
 15741 | Orc:2    | Killed Blork the orc
 15986 | Orc:2    | Noticed an orc warlord
 15999 | Orc:2    | Reached skill level 13 in Unarmed Combat
 16005 | Orc:2    | Killed an orc warlord
 16075 | Orc:2    | Noticed Urug
 16085 | Orc:2    | Killed Urug
 16086 | Orc:2    | Reached skill level 1 in Throwing
 16086 | Orc:2    | Reached skill level 10 in Shields
 16374 | Orc:2    | Found Ogajuff's Jewellery Boutique.
 16389 | Orc:2    | Found Ibydug's Antique Armour Boutique.
 16397 | Orc:2    | Bought an embroidered hat for 238 gold pieces
 16410 | Orc:2    | Found Fimuo's General Store.
 16418 | Orc:2    | Bought a scroll of magic mapping for 52 gold pieces
 16421 | Orc:2    | Bought a scroll of identify for 30 gold pieces
 16421 | Orc:2    | Bought a scroll of identify for 30 gold pieces
 16431 | Orc:2    | Found Ymmirasu's Antique Weapon Boutique.
 16725 | Orc:2    | Found a staircase to the Elven Halls.
 17161 | Orc:2    | Bought the ring of Salvation {rPois Int+4 SInv} for 449
                  | gold pieces
 17785 | Lair:3   | Killed Gastronok
 17902 | Lair:3   | Reached skill level 10 in Fighting
 17922 | Lair:3   | Learned a level 5 spell: Manifold Assault
 18175 | Lair:6   | Noticed Sonja
 18175 | Lair:6   | Sonja changed into Sonja the black bear
 18177 | Lair:6   | Killed Sonja the black bear
 18511 | D:11     | Found the +8 trishula "Condemnation" {holy, anguish, *Noise
                  | Fly rN+}
 18608 | D:11     | Identified the +4 hunting sling "Betham" {freeze, Str+2}
 18665 | D:11     | Reached skill level 1 in Translocations
 18698 | D:11     | Reached XP level 14. HP: 111/143 MP: 15/15
 18771 | D:11     | Mangled by a two-headed ogre

Illustrated notes

Levels and vault maps discovered:
D:1:      wander_arrival_fairy_ring, layout_loops_cross, serial_shops,
          nicolae_shop_advertising_works [nicolae_subvault_shop_adworks], shop,
          shop, minmay_split_cup_small
D:2:      layout_basic, basic_altar, serial_glass, glass_columns_b,
          glass_columns_a, minmay_pentomino_v2
D:3:      layout_basic, kennysheep_slug_shrine, serial_shops, shop,
          nicolae_shop_hallway_stairs, nicolae_shop_hallway_stairs,
          nicolae_diamond_shop, shop, portal_sewer_entry_c
D:4:      layout_cave_pods, mainiacjoe_overflow_concentric_impassable,
          nicolae_kikubaaqudgha_miasma_corner, uniq_eustachio, uniq_natasha,
          uniq_pikel
D:5:      layout_gridville, minmay_temple_entry_enclosed_plants, serial_shops,
          nicolae_shop_statue_plus
D:6:      wad_pebble_path, layout_basic, led_sif_book,
          minmay_fractal_squares_diagonal_5, uniq_maggie, uniq_menkaure
D:7:      layout_loops_ring
D:8:      layout_rooms, minmay_misc_feat_four_crosses, kennysheep_pointless_box,
          item_on_display_a
D:9:      layout_long_grid, mainiacjoe_overflow_alcove_2, erik_lair_island,
          hangedman_abyss_or_decor_stabs, dreamdust_princess_bridge
D:10:     layout_cave_pods, grunt_temple_overflow_open,
          grunt_dithmenos_smoke_and_mirrors, nicolae_overflow_crystal_walls,
          erik_orc_2, grunt_ministairs_14, chequers_garden
D:11:     minmay_complete_graph, layout_cave_pools, nicolae_water_bricks,
          amcnicky_mini_rare_corridor_liquid
Lair:1:   layout_roguey
Lair:2:   layout_cave_pods, grunt_megastairs_1, uniq_erica
Lair:3:   regret_index_combs_of_tragedy, layout_loops_ring,
          minmay_shoals_entry_hut, roderic_carrion_pond, uniq_gastronok
Lair:4:   layout_cave_pods, nicolae_spider_entry_non_spiders, grunt_megastairs_5
Lair:5:   layout_loops_ring, wad_woods_river_01
Lair:6:   gammafunk_lair_ancient_temple, layout_loops_ring, slime_altar_1,
          special_room [special_room_mythical_zoo], serial_bayou_shore_a,
          uniq_sonja, uniq_rupert
Orc:1:    layout_caves, basic_altar, serial_shops, nicolae_shop_trees
Orc:2:    grunt_orc_cross, layout_caves, basic_altar

Skill      XL: |  1  2  3  4  5  6  7  8  9 10 11 12 13 |
---------------+----------------------------------------+-----
Unarmed Combat | 1 2 3 4 6 7 8 9 10 12 13 | 13.9
Fighting       | 3 4 5 6 8 9 10 | 10.1
Dodging        | 1 3 4 5 6 |  6.0
Shields        | 2 4 6 7 8 10 | 10.0
Axes           | 1 |  1.7
Long Blades    | 4 6 |  6.0
Evocations     | 3 4 5 |  5.0
Throwing       | 3 |  3.7
Translocations | 1 |  1.2
Spellcasting   | |  1.5
Fire Magic     | |  2.1

Action                   |  1- 3 |  4- 6 |  7- 9 | 10-12 | 13-15 || total
-------------------------+-------+-------+-------+-------+-------++-------
Melee: Falchion          |    57 |       |       |       |       ||    57
       Unarmed           |    75 |   203 |   241 |   524 |   549 ||  1592
       Punch             |     2 |       |     3 |       |       ||     5
       Scimitar          |       |       |       |    32 |       ||    32
Throw: Dart              |       |       |    10 |    17 |       ||    27
       Javelin           |       |       |       |     7 |     2 ||     9
Invok: Fiery Armour      |       |     1 |       |     6 |       ||     7
       Foxfire Swarm     |       |       |     1 |       |     1 ||     2
Evoke: Wand              |       |       |     1 |    13 |    13 ||    27
       Phantom mirror    |       |       |       |       |     1 ||     1
  Use: Scroll            |       |     8 |     4 |    13 |     6 ||    31
 Stab: Petrified         |       |       |       |     2 |       ||     2
Armor: Robe              |    35 |   106 |    46 |    10 |       ||   197
       Steam dragon scal |       |       |       |   109 |   118 ||   227
Dodge: Dodged            |    57 |   123 |   111 |   233 |   171 ||   695
Block: Other             |       |       |    15 |       |       ||    15
       Reflection        |       |       |     4 |    12 |    12 ||    28
       Kite shield       |       |       |    42 |   316 |   348 ||   706

Table legend: (Time is in decaauts)
 A = Elapsed time spent in this place.
 B = Non-inter-level travel time spent in this place.
 C = Inter-level travel time spent in this place.
 D = Time resting spent in this place.
 E = Time spent auto-exploring this place.
 F = Levels seen in this place.
 G = Mean time per level.
                   A        B        C        D        E       F      G
               +--------+--------+--------+--------+--------+-----+--------+
         Total |  18740 |  17269 |   1471 |   1953 |  10490 |  20 |  937.0 |
       Dungeon |   9708 |   8906 |    802 |    778 |   5579 |  11 |  882.5 |
          Lair |   6582 |   6055 |    527 |    850 |   3902 |   6 | 1097.0 |
  Orcish Mines |   2066 |   1926 |    140 |    263 |    926 |   2 | 1033.0 |
         Sewer |    382 |    382 |      0 |     62 |     83 |   1 |  382.0 |
               +--------+--------+--------+--------+--------+-----+--------+

Top non-repeatable levels by time:
    D:10: 1643 daAuts
  Lair:3: 1591 daAuts
  Lair:5: 1570 daAuts
   Orc:2: 1417 daAuts
  Lair:2: 1310 daAuts
     D:6: 1181 daAuts
     D:9: 1136 daAuts
     D:4: 1084 daAuts
  Lair:4: 1055 daAuts
  Lair:1: 892 daAuts
     D:7: 759 daAuts
     D:3: 752 daAuts
     D:2: 752 daAuts
     D:1: 697 daAuts
     D:5: 696 daAuts
